 Dungeon Crawl Stone Soup version 0.26.0-8-g74fc34ddfb (webtiles) character file.

Game seed: 6949943772374526569

24 OdinFK the Firebug (level 3, 0/22 HPs)
             Began as an Octopode Fire Elementalist on Jan 12, 2021.
             Killed by nerve-wracking pain
             ... invoked by Jessica
              (2 damage)
             ... on level 2 of the Dungeon.
             The game lasted 00:07:09 (799 turns).

OdinFK the Firebug (Octopode Fire Elementalist)      Turns: 799, Time: 00:07:10

Health: 0/22       AC:  1    Str:  7    XL:     3   Next: 2%
Magic:  1/6        EV: 13    Int: 18    God:
Gold:   102        SH:  0    Dex: 12    Spells: 2/6 levels left

rFire    . . .     SeeInvis .   c - +0 dagger
rCold    . . .     Faith    .   (no shield)
rNeg     . . .     Spirit   .   (helmet restricted)
rPois    .         Reflect  .   (no amulet)
rElec    .         Harm     .   (no ring)
rCorr    .         Rampage  .   (no ring)
Will     .....                  (no ring)
Stlth    +++.......             (no ring)
HPRegen  0.07/turn              (no ring)
MPRegen  0.10/turn              (no ring)
                                (no ring)
                                (no ring)

@: slowed, very slow
A: almost no armour, stealthy swim, amphibious, 8 rings, constrict 8, camouflage
1, gelatinous body 1
a: no special abilities


You were on level 2 of the Dungeon.
You visited 1 branch of the dungeon, and saw 2 of its levels.

You collected 102 gold pieces.

Inventory:

Hand Weapons
 c - a +0 dagger (weapon)
Missiles
 b - 85 stones
Jewellery
 f - an uncursed amulet of faith {unknown}
Scrolls
 a - a scroll of identify {unknown}
 d - a scroll of enchant armour {unknown}
 e - a scroll of magic mapping {unknown}
Potions
 g - 2 potions of attraction {unknown}


   Skills:
 + Level 0.9 Fighting
 + Level 2.3 Dodging
 - Level 3.0 Stealth
 + Level 2.3 Spellcasting
 + Level 1.0 Conjurations
 + Level 3.2 Fire Magic


You had 2 spell levels left.
You knew the following spells:

 Your Spells              Type           Power        Failure   Level
a - Foxfire               Conj/Fire      36%          8%          1
b - Conjure Flame         Conj/Fire      9%           22%         3

Your spell library contained the following spells:

 Spells                   Type           Power        Failure   Level
 Inner Flame              Hex/Fire       7%           26%         3
 Sticky Flame             Conj/Fire      9%           58%         4
 Fireball                 Conj/Fire      4%           90%         5


Dungeon Overview and Level Annotations

Branches:
Dungeon (2/15)

Altars:

Annotations:
D:2 Jessica


Innate Abilities, Weirdness & Mutations

You cannot wear most types of armour.
You are very stealthy in the water. (Stealth+)
You are amphibious.
You can wear up to eight rings at the same time.
You can use your tentacles to constrict eight enemies at once.
Your skin changes colour to match your surroundings (Stealth+).
Your rubbery body absorbs attacks. (AC +1, EV +1)


Message History

Jessica points at you and mumbles some strange words.
Pain shoots through your body!
Your foxfire dissipates!
The foxfire hits Jessica.
Jessica is lightly wounded.
Jessica shouts, "You're disturbing me!
I'll have to kill you!"
Casting: Foxfire (safe; 8% risk of failure)
Confirm with . or Enter, or press ? or * to list all spells.
You conjure some foxfire!
Jessica hits you. x2
Your foxfire dissipates!
Jessica hits you.
* * * LOW HITPOINT WARNING * * *
Jessica gestures at you while chanting.
You feel yourself slow down.
Jessica points at you and mumbles some strange words.
Pain shoots through your body!
* * * LOW HITPOINT WARNING * * *
Jessica points at you and mumbles some strange words.
Pain shoots through your body!
You die...

#.##.#######
#......@..(#
####.#####)#
##### #.#
#...#
#.###.#.#
####.....#.#
..#######.#
###.#...@...#
#...#.@######
#<...# #....#
#.#..#
#.#.########
#.#.......<#
#.##########
.. ..


You could see Jessica (fast).

Vanquished Creatures
  A leopard gecko (D:1)
  A ball python (D:1)
  4 giant cockroaches (D:1)
  3 goblins (D:1)
  A hobgoblin (D:1)
  4 kobolds
  2 bats (D:1)
  A frilled lizard (D:1)
  4 rats (D:1)
21 creatures vanquished.

Vanquished Creatures (others)
  28 foxfires
28 creatures vanquished.

Grand Total: 49 creatures vanquished

Notes
Turn   | Place    | Note
-------+----------+-------------------------------------------
     0 | D:1      | OdinFK the Octopode Fire Elementalist began the quest for
                  | the Orb.
     0 | D:1      | Reached XP level 1. HP: 11/11 MP: 3/3
   199 | D:1      | Reached XP level 2. HP: 16/18 MP: 1/5
   644 | D:1      | Reached XP level 3. HP: 18/22 MP: 6/6
   749 | D:2      | Learned a level 3 spell: Conjure Flame
   775 | D:2      | Noticed Jessica
   799 | D:2      | Killed from afar by Jessica

Illustrated notes

Levels and vault maps discovered:
D:1:      minmay_arrival_stone_box, layout_loops_ring, serial_aquarium,
          aquarium_bridge_island_small [aquarium_subvault_small_open,
          aquarium_subvault_bridge, aquarium_subvault_wall,
          aquarium_subvault_wall, aquarium_subvault_window],
          aquarium_bridge_straight [aquarium_subvault_bridge,
          aquarium_subvault_window, aquarium_subvault_bridge,
          aquarium_subvault_balcony], aquarium_window_fake,
          aquarium_window_corner, aquarium_window_fake, aquarium_view_2b,
          aquarium_view_2f, minmay_pentomino_s4
D:2:      layout_basic, uniq_natasha, uniq_jessica

Skill      XL: |  1  2 |
---------------+-------+-----
Stealth        | 3 |  3.0
Fighting       | |  0.9
Dodging        | |  2.3
Spellcasting   | |  2.3
Conjurations   | |  1.0
Fire Magic     | |  3.2

Action                   || total
-------------------------++-------
Melee: Dagger            ||    20
       Constrict         ||     7
       Tentacles         ||     4
       Unarmed           ||     1
 Cast: Foxfire           ||    26
 Stab: Sleeping          ||     4
Armor: Skin              ||     2
Dodge: Dodged            ||    33
